 Dungeon Crawl Stone Soup version 0.28-a0-1142-gc8569940dd (webtiles) character file.

Game seed: 8639277467510092109

3017 Froggeryz the Sneak (level 9, -4/68 HPs)
             Began as a Gnoll Wanderer on Dec 13, 2021.
             Was an Initiate of Gozag.
             Killed from afar by Harold (13 damage)
             ... with a harpoon shot
             ... on level 7 of the Dungeon.
             The game lasted 00:12:07 (9206 turns).

Froggeryz the Sneak (Gnoll Wanderer)                Turns: 9206, Time: 00:12:08

Health: -4/68      AC: 10    Str: 16    XL:     9   Next: 85%
Magic:  15/15      EV: 12    Int: 25    God:    Gozag
Gold:   674        SH:  5    Dex: 10    Spells: 17/17 levels left

rFire   . . .      SeeInvis .   x - +3 short sword (elec)
rCold   . . .      Faith    .   (no shield)
rNeg    . . .      Spirit   .   e - +0 swamp dragon scales
rPois   +          Reflect  +   v - +0 helmet
rElec   .          Harm     .   (no cloak)
rCorr   .          Rampage  .   r - +0 pair of gloves
Will    .....                   (no boots)
Stlth   +++.......              n - amulet of reflection
HPRegen 0.21/turn               m - +6 ring of intelligence
MPRegen 0.14/turn               c - +6 ring of intelligence

@: about to teleport
A: fangs 1, strong nose, distributed training
a: Renounce Religion, Potion Petition, Call Merchant, Bribe Branch


You were on level 7 of the Dungeon.
You worshipped Gozag.
Gozag was pleased with you.
You visited 2 branches of the dungeon, and saw 8 of its levels.

You collected 819 gold pieces.
You spent 85 gold pieces at shops.
You paid 60 gold pieces to Gozag.

Inventory:

Hand Weapons
 u - a +0 hunting sling
 x - a +3 short sword of electrocution (weapon)
Missiles
 h - 82 sling bullets
 i - 274 stones (quivered)
 l - 6 poisoned darts
 o - 2 javelins
 B - 4 atropa-tipped darts
 D - 2 boomerangs
Armour
 e - +0 swamp dragon scales (worn)
 r - a +0 pair of gloves (worn)
 v - a +0 helmet (worn)
Jewellery
 c - a +6 ring of intelligence (right hand)
 m - a +6 ring of intelligence (left hand)
 n - an amulet of reflection (around neck)
Wands
 A - a wand of polymorph (3)
Scrolls
 a - a scroll of holy word
 f - a scroll of blinking
 k - 3 scrolls of noise
 E - a scroll of identify {unknown}
Potions
 b - a potion of curing
 d - 2 potions of lignification
 g - 6 potions of heal wounds {unknown}
 j - a potion of invisibility {unknown}
 p - 2 potions of attraction {unknown}
 q - a potion of degeneration {unknown}
 s - a potion of berserk rage {unknown}
 w - a potion of cancellation {unknown}
 C - 2 potions of haste {unknown}


   Skills:
 + Level 5.4 Fighting
 + Level 4.6 Short Blades
 + Level 4.6 Long Blades
 + Level 4.6 Axes
 + Level 4.6 Maces & Flails
 + Level 4.6 Polearms
 + Level 4.6 Staves
 + Level 4.6 Slings
 + Level 4.6 Bows
 + Level 4.6 Crossbows
 + Level 4.6 Throwing
 + Level 4.6 Armour
 + Level 5.4 Dodging
 + Level 7.6 Stealth
 + Level 5.4 Shields
 + Level 4.6 Unarmed Combat
 + Level 4.6 Spellcasting
 + Level 3.8 Conjurations
 + Level 3.8 Hexes
 + Level 3.8 Summonings
 + Level 5.4 Necromancy
 + Level 3.8 Translocations
 + Level 3.8 Transmutations
 + Level 4.4 Fire Magic
 + Level 3.8 Ice Magic
 + Level 3.8 Air Magic
 + Level 3.8 Earth Magic
 + Level 3.8 Poison Magic
 + Level 5.1 Invocations
 + Level 5.4 Evocations


You had 17 spell levels left.
You didn't know any spells.
Your spell library contained the following spells:

 Spells                   Type           Power      Damage    Failure   Level
 Animate Skeleton         Necr           66%        N/A       1%          1
 Pain                     Necr           100%       1d9       1%          1
 Vampiric Draining        Necr           33%        2d8       4%          3
 Animate Dead             Necr           16%        N/A       16%         4
 Agony                    Necr           33%        N/A       41%         5


Dungeon Overview and Level Annotations

Branches:
Dungeon (7/15)             Temple (1/1) D:4

Altars:
Ashenzari
Cheibriados
Dithmenos
Elyvilon
Fedhas
Gozag
Kikubaaqudgha
Makhleb
Okawaru
Ru
Sif Muna
Trog
Uskayaw
Wu Jian
Xom
Yredelemnul
Zin
The Shining One

Shops:
D:2 [   D:5 =

Annotations:
D:5 1 runed translucent door, ChaosChampion's ghost, novice OpTm
D:7 Harold


Innate Abilities, Weirdness & Mutations

You have very sharp teeth.
Your uncanny sense of smell can sniff out nearby items.
Your experience applies equally to all skills.


Message History

Harold is nearby!
Okay, then.
Throw: 275 stones
Press: ? - help, Q - select action, (/) - cycle Shift-Dir - straight line, f - Harold
Aim: Harold, wielding a +0 long sword of holy wrath, wearing a +0 scale mail and quivering 2 throwing nets (71% to hit)
You throw a stone.
The stone hits Harold but does no damage.
A white imp comes into view.
Harold fires a harpoon shot at you. The harpoon shot hits you!
You are yanked forward by the harpoon shot.
The white imp shouts!
You hit Harold but do no damage. You bite Harold.
Harold is lightly wounded.
Harold hits you with a +0 long sword of holy wrath!!
You hit Harold but do no damage.
Harold is lightly wounded.
The white imp gestures at you. The puff of frost misses you.
Harold hits you but does no damage.
You hit Harold. Your bite misses Harold.
Harold is lightly wounded.
You completely miss Harold. Your bite misses Harold.
Harold is lightly wounded.
You block Harold's attack.
You hit Harold. You bite Harold, but do no damage.
Harold is lightly wounded.
Harold hits you with a +0 long sword of holy wrath!
The white imp gestures at you. The puff of frost hits you.
Harold asks, "Do you mind if I name my boat the 'Froggeryz'?
Your head will be paying for it, after all."
As you read the scroll labelled UDOVYC OHAZENK, it crumbles to dust.
You feel strangely unstable.
It was a scroll of teleportation.
Harold hits you with a +0 long sword of holy wrath!
* * * LOW HITPOINT WARNING * * *
You see here a red potion.
The white imp spits at you. Harold fires a harpoon shot at you.
The harpoon shot hits you!
You die...
Your body crumbles into a pile of gold.

.>....^...............
...............#...#.. $
#....................
........#.....######.
#.###.#.............. #.
#..........##.... #.
#.#..#..#..#..#..
###.###.#..#.###...###.
.###...?.@.#.##..#.....#..
.........###..............
$ .......5@#
##..##......... .........#
#.....###...# ........##
#...#..#..#.. .......(#
#..###...###. ........#
#...#..#..#.. ##.....##
###...###.... #..... #####
#....


You could see Harold and a white imp.

Vanquished Creatures
  Maggie (D:6)
  A troll (D:7)
  A meliai zombie (D:6)
  Menkaure (D:7)
  Duvessa (D:6)
  A black bear (D:6)
  A hornet zombie (D:6)
  An ice beast (D:5)
  2 necrophages
  An ogre (D:5)
  2 phantoms
  2 gnoll sergeants
  A scorpion (D:5)
  Dowan (D:6)
  9 killer bees (D:7)
  3 wights (D:6)
  A bullfrog skeleton (D:6)
  4 hounds
  A jelly (D:6)
  A centaur skeleton (D:4)
  Natasha (twice) (D:4)
  3 iguanas
  An orc wizard (D:5)
  A hound zombie (D:5)
  3 hound skeletons
  Robin (D:2)
  10 adders
  8 gnolls (D:5)
  An ufetubus (D:7)
  3 dart slugs
  6 orcs
  7 ball pythons
  5 bats
  8 endoplasms
  3 giant cockroaches
  15 goblins
  9 hobgoblins
  5 kobolds
  2 quokkas (D:1)
  6 frilled lizards
  3 rats
138 creatures vanquished.

Notes
Turn   | Place    | Note
-------+----------+-------------------------------------------
     0 | D:1      | Froggeryz the Gnoll Wanderer began the quest for the Orb.
     0 | D:1      | Froggeryz set off with the following items: a +0 club, a
                  | potion of curing, a +0 robe, a potion of lignification, a
                  | +0 dagger; and the following spells available to memorise:
                  | Animate Skeleton, Pain, Vampiric Draining, Animate Dead,
                  | Agony
     0 | D:1      | Reached XP level 1. HP: 17/17 MP: 1/1
   475 | D:1      | Reached XP level 2. HP: 22/23 MP: 2/2
  1465 | D:1      | Reached XP level 3. HP: 28/28 MP: 3/3
  1614 | D:2      | Found a faded altar of an unknown god.
  1837 | D:2      | Reached skill level 6 in Stealth
  1916 | D:2      | Found Beluusy's Antique Armour Boutique.
  1925 | D:2      | Bought a pair of gloves for 85 gold pieces
  1946 | D:2      | Reached skill level 1 in Invocations
  1966 | D:2      | Found a shimmering altar of Xom.
  2278 | D:3      | Reached skill level 1 in Short Blades
  2278 | D:3      | Reached skill level 1 in Long Blades
  2278 | D:3      | Reached skill level 1 in Axes
  2278 | D:3      | Reached skill level 1 in Maces & Flails
  2278 | D:3      | Reached skill level 1 in Polearms
  2278 | D:3      | Reached skill level 1 in Staves
  2278 | D:3      | Reached skill level 1 in Slings
  2278 | D:3      | Reached skill level 1 in Bows
  2278 | D:3      | Reached skill level 1 in Crossbows
  2278 | D:3      | Reached skill level 1 in Throwing
  2278 | D:3      | Reached skill level 1 in Armour
  2278 | D:3      | Reached skill level 1 in Unarmed Combat
  2278 | D:3      | Reached skill level 1 in Spellcasting
  2396 | D:3      | Noticed Robin
  2511 | D:3      | Reached XP level 4. HP: 34/34 MP: 5/5
  2754 | D:2      | Killed Robin
  2867 | D:3      | Reached skill level 1 in Conjurations
  2867 | D:3      | Reached skill level 1 in Hexes
  2867 | D:3      | Reached skill level 1 in Summonings
  2867 | D:3      | Reached skill level 1 in Translocations
  2867 | D:3      | Reached skill level 1 in Transmutations
  2867 | D:3      | Reached skill level 1 in Ice Magic
  2867 | D:3      | Reached skill level 1 in Air Magic
  2867 | D:3      | Reached skill level 1 in Earth Magic
  2867 | D:3      | Reached skill level 1 in Poison Magic
  3365 | D:3      | Reached XP level 5. HP: 37/40 MP: 6/6
  3604 | D:4      | Noticed a phantom
  3833 | D:4      | Noticed Natasha
  3835 | D:4      | Killed Natasha
  3875 | D:4      | Noticed a phantom
  4113 | D:4      | Noticed a necrophage
  4124 | D:4      | Killed a necrophage
  4125 | D:4      | Reached XP level 6. HP: 47/47 MP: 8/8
  4150 | D:4      | Found a staircase to the Ecumenical Temple.
  4194 | Temple   | Entered the Ecumenical Temple
  4408 | Temple   | Became a worshipper of Gozag Ym Sagoz the Greedy
  4914 | D:4      | Reached XP level 7. HP: 50/52 MP: 10/10
  4992 | D:4      | Noticed Natasha
  4998 | D:4      | Killed Natasha
  5170 | D:5      | Entered Level 5 of the Dungeon
  5757 | D:5      | Found Qeim's Jewellery Shoppe.
  5807 | D:5      | Reached XP level 8. HP: 48/60 MP: 12/12
  6221 | D:5      | Found a runed translucent door.
  6242 | D:5      | Noticed ChaosChampion's ghost (novice OpTm)
  6830 | D:6      | Noticed Maggie
  6830 | D:6      | Noticed Dowan
  6832 | D:6      | Noticed Duvessa
  7159 | D:6      | Reached skill level 7 in Stealth
  7457 | D:6      | Reached XP level 9. HP: 47/66 MP: 14/14
  7637 | D:6      | Reached skill level 5 in Necromancy
  7733 | D:6      | Killed Duvessa
  7742 | D:6      | Killed Dowan
  7923 | D:6      | Killed Maggie
  7924 | D:6      | Reached skill level 5 in Fighting
  7924 | D:6      | Reached skill level 5 in Dodging
  7924 | D:6      | Reached skill level 5 in Shields
  7924 | D:6      | Reached skill level 5 in Evocations
  8239 | D:7      | Noticed Joseph
  8282 | D:7      | Noticed Joseph
  8282 | D:7      | Joseph changed into Joseph the troll
  8615 | D:7      | Killed Joseph the troll
  8798 | D:7      | Reached skill level 5 in Invocations
  8980 | D:7      | Noticed Menkaure
  8995 | D:7      | Killed Menkaure
  9194 | D:7      | Noticed Harold
  9206 | D:7      | Killed from afar by Harold

Illustrated notes

Levels and vault maps discovered:
D:1:      dpeg_arrival_arbitrary_b, layout_loops_corners, st_stairs_4
D:2:      layout_rooms, serial_shops, shop,
          shapermc_ecumenical_altar_starsandcircs, basic_altar
D:3:      layout_basic, minmay_quantized, uniq_robin
D:4:      layout_basic, minmay_temple_entry_ruins, hangedman_decor_opposing,
          uniq_natasha
D:5:      layout_basic, ebering_ghost_sewer_d, serial_shops,
          nicolae_stop_n_shop_2
D:6:      layout_loops_ring, uniq_maggie, uniq_duvessa
D:7:      layout_basic, minmay_strange_pillars, uniq_harold, uniq_joseph,
          uniq_menkaure
Temple:   compressed_dpeg_circular_temple

Skill      XL: |  1  2  3  4  5  6  7  8  9 |
---------------+----------------------------+-----
Fire Magic     | 2 3 4 |  4.4
Stealth        | 6 7 |  7.6
Invocations    | 1 2 3 4 5 |  5.1
Short Blades   | 1 2 3 4 |  4.6
Long Blades    | 1 2 3 4 |  4.6
Axes           | 1 2 3 4 |  4.6
Maces & Flails | 1 2 3 4 |  4.6
Polearms       | 1 2 3 4 |  4.6
Staves         | 1 2 3 4 |  4.6
Slings         | 1 2 3 4 |  4.6
Bows           | 1 2 3 4 |  4.6
Crossbows      | 1 2 3 4 |  4.6
Throwing       | 1 2 3 4 |  4.6
Armour         | 1 2 3 4 |  4.6
Unarmed Combat | 1 2 3 4 |  4.6
Spellcasting   | 1 2 3 4 |  4.6
Conjurations   | 1 2 3 |  3.8
Hexes          | 1 2 3 |  3.8
Summonings     | 1 2 3 |  3.8
Translocations | 1 2 3 |  3.8
Transmutations | 1 2 3 |  3.8
Ice Magic      | 1 2 3 |  3.8
Air Magic      | 1 2 3 |  3.8
Earth Magic    | 1 2 3 |  3.8
Poison Magic   | 1 2 3 |  3.8
Fighting       | 3 4 5 |  5.4
Dodging        | 3 4 5 |  5.4
Shields        | 3 4 5 |  5.4
Evocations     | 3 4 5 |  5.4
Necromancy     | 4 5 |  5.4

Action                   |  1- 3 |  4- 6 |  7- 9 || total
-------------------------+-------+-------+-------++-------
Melee: Dagger            |    28 |       |       ||    28
       Bite              |    15 |    15 |    20 ||    50
       Short sword       |   123 |   203 |   319 ||   645
       Punch             |       |     1 |     2 ||     3
Throw: Dart              |       |       |    23 ||    23
       Boomerang         |       |       |    18 ||    18
       Javelin           |       |       |     2 ||     2
       Stone             |       |       |     1 ||     1
Evoke: Wand              |       |       |     3 ||     3
  Use: Scroll            |       |       |     7 ||     7
       Potion            |       |       |     4 ||     4
 Stab: Sleeping          |     9 |     8 |     3 ||    20
Armor: Robe              |     7 |       |       ||     7
       Ring mail         |    35 |    69 |    63 ||   167
       Swamp dragon scal |       |       |    38 ||    38
Dodge: Dodged            |    94 |   101 |   156 ||   351
Block: Other             |    24 |    37 |    82 ||   143
       Reflection        |       |       |     2 ||     2

Table legend: (Time is in decaauts)
 A = Elapsed time spent in this place.
 B = Non-inter-level travel time spent in this place.
 C = Inter-level travel time spent in this place.
 D = Time resting spent in this place.
 E = Time spent auto-exploring this place.
 F = Levels seen in this place.
 G = Mean time per level.
                   A        B        C        D        E       F      G
               +--------+--------+--------+--------+--------+-----+--------+
         Total |   9205 |   8816 |    389 |   1646 |   5176 |   8 | 1150.6 |
       Dungeon |   8954 |   8600 |    354 |   1646 |   4978 |   7 | 1279.1 |
        Temple |    250 |    215 |     35 |      0 |    198 |   1 |  250.0 |
               +--------+--------+--------+--------+--------+-----+--------+

Top non-repeatable levels by time:
     D:5: 1711 daAuts
     D:1: 1580 daAuts
     D:6: 1323 daAuts
     D:4: 1243 daAuts
     D:3: 1213 daAuts
     D:7: 979 daAuts
     D:2: 902 daAuts
  Temple: 250 daAuts
